 Dungeon Crawl Stone Soup version 0.24.0-123-gd5b16e6ec5 (webtiles) character file.

Game seed: 6691984734046067837, levelgen mode: deterministic

2510 Elellon the Cleaver (level 9, -3/78 HPs)
             Began as a Hill Orc Fighter on Jan 19, 2020.
             Succumbed to an orc warrior's poison
             ... on level 8 of the Dungeon.
             The game lasted 00:12:10 (6243 turns).

Elellon the Cleaver (Hill Orc Fighter)              Turns: 6243, Time: 00:12:11

Health: -3/78      AC: 17    Str: 22    XL:     9   Next: 53%
Magic:  9/9        EV:  4    Int:  8    God:
Gold:   499        SH: 11    Dex: 10    Spells: 8/8 levels left

rFire    + . .     SeeInvis .   a - +0 war axe
rCold    x . .     Gourm    .   c - +1 shield
rNeg     . . .     Faith    .   v - +0 plate armour
rPois    .         Spirit   .   e - +2 hat
rElec    .         Reflect  .   u - scarf {cloud immunity}
rCorr    .         Harm     .   m - +2 pair of gloves
MR       .....                  (no boots)
Stlth    ..........             k - amulet of regeneration
HPRegen  0.63/turn              w - ring of fire
MPRegen  0.11/turn              (no ring)

@: lethally poisoned (-3 -> -51)
A: no striking features
a: no special abilities


You were on level 8 of the Dungeon.
You were hungry.

You visited 2 branches of the dungeon, and saw 9 of its levels.
You also visited: Ossuary.

You collected 499 gold pieces.

Inventory:

Hand Weapons
 a - a +0 war axe (weapon)
 D - a +1 morningstar of freezing
Armour
 c - a +1 shield (worn)
 e - a +2 hat (worn)
 m - a +2 pair of gloves (worn)
 u - a scarf of cloud immunity (worn)
 v - a +0 plate armour (worn)
Jewellery
 k - an amulet of regeneration (around neck)
 w - a ring of fire (left hand)
 y - an uncursed ring of fire
 B - an uncursed ring of see invisible {unknown}
Wands
 b - a wand of flame (7)
 t - a wand of polymorph (11)
Scrolls
 g - 4 scrolls of identify
 i - 4 scrolls of teleportation
 j - a scroll of remove curse
 l - 3 scrolls of blinking
 q - a scroll of enchant weapon {unknown}
 C - a scroll of holy word {unknown}
 G - a scroll of enchant armour
Potions
 d - 2 potions of might
 h - 4 potions of ambrosia
 n - 6 potions of curing
 o - a potion of flight {unknown}
 p - a potion of agility {unknown}
 r - 4 potions of heal wounds
 s - 2 potions of resistance
 x - 3 potions of degeneration {unknown}
 z - 2 potions of invisibility {unknown}
 A - 2 potions of haste {unknown}
 E - a potion of brilliance {unknown}
 F - a potion of magic {unknown}
Comestibles
 f - 14 rations


   Skills:
 + Level 6.6 Fighting
 * Level 12.6 Axes
 + Level 5.9 Armour
 + Level 6.0 Shields


You had 8 spell levels left.
You didn't know any spells.
Your spell library contained the following spells:

 Spells                   Type           Power        Failure   Level  Hunger
 Beastly Appendage        Tmut           #.....       100%        1    ##.....
 Sticks to Snakes         Tmut           #.......     100%        2    ###....
 Spider Form              Tmut/Pois      #.........   100%        3    ####...
 Ice Form                 Ice/Tmut       #.......     100%        4    #####..
 Blade Hands              Tmut           #.........   100%        5    ######.


Dungeon Overview and Level Annotations

Branches:
Dungeon (8/15)             Temple (1/1) D:7         Ossuary (visited)
   Lair: D:8-11

Altars:
Ashenzari
Cheibriados
Dithmenos
Fedhas
Hepliaklqana
Kikubaaqudgha
Nemelex Xobeh
Qazlal
Sif Muna
Trog
Uskayaw
Vehumet
Wu Jian
Yredelemnul
The Shining One

Shops:
D:5 =   D:6 *


Message History

The iguana bites you but does no damage.
You block the hound's attack.
The orc warrior hits you but does no damage.
You are more poisoned.
You hit the hound but do no damage.
The hound is lightly wounded.
You hit the iguana.
You kill the iguana!
Your Shields skill increases to level 6!
Your plate armour prevents you from hitting the worker ant zombie.
* * * LOW HITPOINT WARNING * * *
You feel very sick. The hound bites you but does no damage.
The worker ant zombie bites you but does no damage.
You block the orc warrior's attack.
You slash the hound!
The hound is severely wounded.
You hit the orc but do no damage.
Your shield and plate armour prevent you from hitting the worker ant zombie.
You die...

...........$.#
.............# ##
...).........##..
.................
........)#.......
.....#$..#^.....#
..#......o...... #
#....#Zo..#..##
##..##@).##... #.#
#.h.##.# ### ...#
###....## ...#
......
#......##...# ....
......##.##....#
...
.....###.......#
......###......##
.....#..##.>....#
.....#..<.##.....#


You could see an orc warrior, a hound, an orc and a worker ant zombie.

Vanquished Creatures
  A hungry ghost (D:7)
  A water moccasin (D:6)
  An ice beast (D:7)
  An orc warrior (D:6)
  3 sky beasts
  A necrophage (D:8)
  3 phantoms
  A centaur (D:7)
  3 bullfrogs
  3 elf skeletons (D:7)
  A water moccasin zombie (D:4)
  A scorpion (D:4)
  4 centaur zombies
  A jelly (D:7)
  2 hounds
  2 orc priests
  3 orc wizards
  3 bullfrog skeletons
  2 centaur skeletons
  3 iguanas
  2 big kobold zombies (Ossuary)
  6 mummies (Ossuary)
  Robin (D:2)
  6 adders
  A shadow imp (D:7)
  An ooze (D:4)
  An adder zombie (D:6)
  2 adder skeletons
  5 worms
  2 dart slugs
  5 leopard geckos
  9 orcs
  2 ball pythons
  12 bats
  3 giant cockroaches
  23 goblins
  6 hobgoblins
  12 jackals
  3 quokkas
  3 frilled lizards
  4 hobgoblin zombies (Ossuary)
  10 kobolds
  A leopard gecko skeleton (D:7)
  A leopard gecko zombie (D:5)
  2 orc skeletons (D:7)
  An orc zombie (D:7)
  A quokka zombie (D:6)
  8 rats
173 creatures vanquished.

Notes
Turn   | Place    | Note
-------+----------+-------------------------------------------
     0 | D:1      | Elellon the Hill Orc Fighter began the quest for the Orb.
     0 | D:1      | Reached XP level 1. HP: 19/19 MP: 1/1
    10 | D:1      | Reached skill level 3 in Axes
    32 | D:1      | Reached XP level 2. HP: 23/26 MP: 2/2
    48 | D:1      | Reached skill level 4 in Axes
   240 | D:1      | Reached XP level 3. HP: 30/31 MP: 3/3
   488 | D:1      | You fall into a shaft and drop 1 floor!
   512 | D:2      | Reached skill level 5 in Axes
   801 | D:2      | Reached XP level 4. HP: 36/39 MP: 4/4
   859 | D:2      | Noticed Robin
   878 | D:2      | Reached skill level 6 in Axes
   879 | D:2      | Killed Robin
  1551 | D:2      | Found a radiant altar of Vehumet.
  1780 | D:3      | Found a blossoming altar of Fedhas.
  1830 | D:3      | Reached XP level 5. HP: 39/45 MP: 5/5
  2190 | D:3      | Reached skill level 7 in Axes
  2629 | D:4      | Reached skill level 8 in Axes
  2629 | D:4      | Reached XP level 6. HP: 45/51 MP: 6/6
  3486 | D:5      | Entered Level 5 of the Dungeon
  3653 | D:5      | Noticed a sky beast
  3667 | D:5      | Killed a sky beast
  3667 | D:5      | Reached skill level 9 in Axes
  3725 | D:5      | Found Butsuluptu's Jewellery Shoppe.
  3747 | D:5      | Noticed a phantom
  3784 | D:5      | Killed a phantom
  3784 | D:5      | Reached XP level 7. HP: 49/57 MP: 7/7
  4211 | D:6      | Reached skill level 10 in Axes
  4613 | D:6      | Reached XP level 8. HP: 60/67 MP: 8/8
  4714 | D:6      | Found Nairim's General Store.
  5249 | D:7      | Reached skill level 11 in Axes
  5256 | D:7      | Found a sand-covered staircase.
  5263 | Ossuary  | Entered an ossuary
  5270 | Ossuary  | Reached skill level 5 in Fighting
  5436 | D:7      | Found an ornate altar of the Wu Jian Council.
  5547 | D:7      | Reached skill level 5 in Armour
  5547 | D:7      | Reached skill level 5 in Shields
  5647 | D:7      | Reached XP level 9. HP: 54/75 MP: 9/9
  5679 | D:7      | Reached skill level 12 in Axes
  5946 | D:7      | Found a staircase to the Ecumenical Temple.
  5955 | Temple   | Entered the Ecumenical Temple
  6242 | D:8      | HP: 1/78 [poisoned by an orc warrior]
  6243 | D:8      | Succumbed to an orc warrior's poison

Levels and vault maps discovered:
D:1:      enne_arrival_octagon_isle, layout_rooms, minmay_split_cup_large
D:2:      minmay_recursive_quarters, layout_basic, fiery_altar_vehumet,
          serial_co_window_serial, co_window_corner_a, co_window_corner_a,
          co_window_of_opportunity_a, co_window_paths_b, co_window_paths_b,
          co_window_corner_cb, co_window_of_opportunity_b,
          co_window_unsneaky_path_e, co_window_broadway_c, glass_columns_b,
          glass_columns_a, first_ration, uniq_robin
D:3:      layout_loops_cross, fedhas_altar_3
D:4:      layout_layer_cave
D:5:      layout_loops_cross, serial_shops,
          nicolae_shop_competitors_out_of_business
D:6:      layout_basic, serial_shops, shop_fountains, kennysheep_generic_room_9
D:7:      layout_basic, old_standard_altar, minmay_temple_entry_antechambers,
          nicolae_ossuary_entry_catacombs
D:8:      layout_cave_pools, nicolae_gozag_seed_capital
Temple:   minmay_temple_bridge_abc

Skill      XL: |  1  2  3  4  5  6  7  8  9 |
---------------+----------------------------+-----
Axes           | 3 4 5 6 8 9 10 11 12 | 12.6
Fighting       | 4 5 6 |  6.6
Armour         | 4 5 |  5.9
Shields        | 4 5 6 |  6.0

Action                   |  1- 3 |  4- 6 |  7- 9 || total
-------------------------+-------+-------+-------++-------
Melee: War axe           |   112 |   216 |   323 ||   651
  Use: Scroll            |       |    10 |     1 ||    11
  Eat: Chunk             |       |     7 |     6 ||    13
       Ration            |       |     1 |     1 ||     2
Armor: Scale mail        |    61 |   103 |       ||   164
       Plate armour      |       |     9 |   198 ||   207
Dodge: Dodged            |    37 |    63 |    43 ||   143
Block: Shield            |    64 |   135 |   143 ||   342
